 Dungeon Crawl Stone Soup version 0.19-a0-1341-g3513869 (webtiles) character file.

8414 poirepourri the Nimble (level 11, 0/86 HPs)
             Began as a Demonspawn Gladiator on Sept 1, 2016.
             Was a Priest of Yredelemnul.
             Slain by a wraith (3 damage)
             ... on level 11 of the Dungeon.
             The game lasted 00:27:53 (14729 turns).

poirepourri the Nimble (Demonspawn Gladiator)      Turns: 14729, Time: 00:27:54

Health: 0/86       AC:  9    Str: 15    XL:     11   Next: 9%
Magic:  13/13      EV: 19    Int:  9    God:    Yredelemnul [***...]
Gold:   516        SH:  4    Dex: 16    Spells: 0 memorised, 10 levels left

rFire  + + .     SeeInvis +     a - +1 quarterstaff
rCold  + . .     Gourm    +     G - +0 leather armour
rNeg   . . .     Faith    .     (shield currently unavailable)
rPois  +         Spirit   .     (helmet restricted)
rElec  +         Dismiss  .     l - +0 cloak
rCorr  +         Reflect  .     (gloves unavailable)
MR     .....     Harm     .     u - +0 pair of boots
Stlth  ++........               h - amulet of the gourmand
                                A - ring of protection from fire
                                i - ring of see invisible

@: resistant, slowed, very slow
A: claws 3, horns 1, talons 1, large bone plates 3, nightstalker 1, weak 1
a: Recall Undead Slaves, Injury Mirror, Animate Dead, Renounce Religion


You were on level 11 of the Dungeon.
You worshipped Yredelemnul.
Yredelemnul was most pleased with you.
You were hungry.

You visited 2 branches of the dungeon, and saw 12 of its levels.

You collected 516 gold pieces.

Inventory:

Hand Weapons
 a - a +1 quarterstaff (weapon)
 b - a +0 blowgun
Missiles
 m - 47 poisoned needles
 n - 51 sling bullets
 v - 3 needles of sleeping
 y - 4 tomahawks (quivered)
Armour
 c - a +1 helmet
 l - a +0 cloak (worn)
 u - a +0 pair of boots (worn)
 G - a +0 leather armour (worn)
Magical Staves
 D - an uncursed staff of death
Rods
 f - a -1 rod of ignition (13/13)
   (You found it on level 4 of the Dungeon)
Jewellery
 h - an amulet of the gourmand (around neck)
 i - a ring of see invisible (left claw)
 A - a ring of protection from fire (right claw)
Wands
 d - a wand of flame (28/48)
 e - a wand of acid (0/15)
 o - a wand of acid (9/15)
 F - a wand of acid (6/15)
 I - a wand of digging (11/24)
 K - a wand of random effects (18/48)
Scrolls
 k - 2 scrolls of magic mapping
 J - 5 scrolls of remove curse
Potions
 g - a potion of berserk rage
 j - a potion of lignification
 p - a potion of might {unknown}
 q - 2 potions of degeneration {unknown}
 t - 3 potions of flight {unknown}
 B - a potion of cure mutation {unknown}
 H - a potion of resistance
Books
 x - a book of Geomancy

   Spells                             Type                      Level
   a - Sandblast                      Earth                        1
   b - Passwall                       Transmutation/Earth          2
   c - Stone Arrow                    Conjuration/Earth            3
   d - Petrify                        Transmutation/Earth          4
   e - Lee's Rapid Deconstruction     Earth                        5
 z - a book of Burglary

   Spells                             Type                      Level
   a - Swiftness                      Charms/Air                   2
   b - Passwall                       Transmutation/Earth          2
   c - Passage of Golubria            Translocation                4
   d - Lee's Rapid Deconstruction     Earth                        5
   e - Darkness                       Hexes                        6
   f - Invisibility                   Hexes                        6
 C - a book of Transfigurations

   Spells                             Type                      Level
   a - Irradiate                      Conjuration/Transmutation    5
   b - Statue Form                    Transmutation/Earth          6
   c - Hydra Form                     Transmutation                6
   d - Dragon Form                    Transmutation                7
 E - a book of Cantrips

   Spells                             Type                      Level
   a - Confusing Touch                Hexes                        1
   b - Animate Skeleton               Necromancy                   1
   c - Summon Small Mammal            Summoning                    1
   d - Apportation                    Translocation                1


   Skills:
 + Level 8.0 Fighting
 + Level 9.2 Staves
 + Level 4.8 Throwing
 + Level 10.1 Dodging
 + Level 3.9 Invocations
 + Level 0.6 Evocations


You had 10 spell levels left.
You didn't know any spells.

Dungeon Overview and Level Annotations

Branches:
Dungeon (11/15)            Temple (1/1) D:4            Lair (0/6) D:10
    Orc (0/2) D:10

Altars:
Cheibriados
Dithmenos
Elyvilon
Fedhas
Gozag
Hepliaklqana
Kikubaaqudgha
Makhleb
Nemelex Xobeh
Okawaru
Qazlal
Ru
Sif Muna
Trog
Uskayaw
Vehumet
Xom
Yredelemnul
Zin
The Shining One

Annotations:
D:3 Ruebezahl's ghost, amateur GrCK
D:9 exclusion: ice statue


Innate Abilities, Weirdness & Mutations

You have claws for hands.
You are completely covered in large bone plates. (AC +4, SH +4)
You are slightly more attuned to the shadows.
You have a pair of small horns on your head.
You have sharp toenails.
You are weak. (Str -2)


Message History

The wraith barely misses you. The wraith completely misses you.
You block the wraith's attack. The wraith closely misses you.
Your dark mirror aura disappears.
The wraith hits you!
* * * LOW HITPOINT WARNING * * *
The wraith drains your vigour!
You feel as though you will be slow longer.
The wraith hits you!
* * * LOW HITPOINT WARNING * * *
It was a potion of resistance.
You feel protected. You block the wraith's attack.
Okay, then.
As you read the scroll of fog, it crumbles to dust.
The scroll dissolves into smoke.
The wraith closely misses you. The wraith hits you.
You die...
Your body rises from the dead as a mindless zombie.

#########.######....
#.......?.?.........
###.#####>.....[....
#.# ############ #.#
#.# #C# ###### #W#
#....# #@# #....#
#§# #....# #§#
#....# #$# #....#
#.# #(...# #.#
#(...####### #!#
#........... #.#
####......... #.#
#............


You could see a hill giant and a wraith.

Vanquished Creatures
  A hill giant (D:10)
  2 ugly things
  A troll (D:11)
  A two-headed ogre (D:9)
  Sigmund (D:5)
  A wyvern (D:11)
  5 yaks
  A hippogriff (D:7)
  4 orc warriors
  2 ice beasts
  2 black bears
  2 phantoms
  3 sky beasts
  10 ogres
  6 centaurs
  A big kobold (D:10)
  5 scorpions
  8 wights (D:6)
  5 killer bees
  4 howler monkeys
  2 crimson imps
  2 centaur zombies
  2 jellies
  6 orc priests
  5 hounds
  2 giant frog skeletons
  2 iguanas
  7 orc wizards
  7 worker ants
  2 hound zombies
  A hound skeleton (D:4)
  A worker ant zombie (D:9)
  3 gnolls
  9 adders
  3 oozes
  An adder zombie (D:6)
  3 adder skeletons
  3 worms
  A dart slug (D:2)
  7 giant geckos
  47 orcs
  6 bats
  6 giant cockroaches
  12 hobgoblins
  18 jackals
  11 kobolds
  4 quokkas
  A ball python (D:2)
  A giant gecko skeleton (D:4)
  A giant gecko zombie (D:6)
  2 giant newts
  9 goblins
  A quokka skeleton (D:8)
  A quokka zombie (D:5)
  6 rats
260 creatures vanquished.

Vanquished Creatures (collateral kills)
  Prince Ribbit (D:7)
  A wyvern (D:8)
  A hungry ghost (D:9)
  A phantom (D:10)
  A giant frog (D:9)
  4 killer bees
  An orc priest (D:10)
  2 worker ants
  2 adders (D:9)
  5 orcs
19 creatures vanquished.

Vanquished Creatures (others)
  A human skeleton (D:7)
  A hound zombie (D:9)
  An ogre skeleton (D:10)
  An ogre zombie (D:8)
  A mummy (D:9)
  10 orc zombies
  A bat (D:3)
  6 plants (D:10)
22 creatures vanquished.

Grand Total: 301 creatures vanquished

Notes
Turn   | Place    | Note
-------+----------+-------------------------------------------
     0 | D:1      | poirepourri the Demonspawn Gladiator began the quest for the Orb.
     0 | D:1      | Reached XP level 1. HP: 16/16 MP: 1/1
   210 | D:1      | Gained mutation: You are partially covered in large bone plates. (AC +2, SH +2) [demonic ancestry]
   210 | D:1      | Reached XP level 2. HP: 21/22 MP: 2/2
   238 | D:1      | Reached skill level 3 in Dodging
   606 | D:1      | Gained mutation: You are mostly covered in large bone plates. (AC +3, SH +3) [demonic ancestry]
   606 | D:1      | Reached XP level 3. HP: 22/27 MP: 3/3
   663 | D:1      | You fall through a shaft!
  1517 | D:2      | Gained mutation: You are slightly more attuned to the shadows. [demonic ancestry]
  1517 | D:2      | Reached XP level 4. HP: 33/33 MP: 4/4
  2316 | D:3      | Noticed Ruebezahl's ghost (amateur GrCK)
  2559 | D:3      | Reached skill level 4 in Dodging
  3089 | D:4      | Reached XP level 5. HP: 39/39 MP: 5/5
  3540 | D:4      | Gained mutation: You are completely covered in large bone plates. (AC +4, SH +4) [demonic ancestry]
  3540 | D:4      | Reached XP level 6. HP: 34/47 MP: 6/6
  4386 | D:4      | Reached skill level 5 in Dodging
  4586 | D:4      | Found a staircase to the Ecumenical Temple.
  4603 | Temple   | Entered the Ecumenical Temple
  4639 | Temple   | Became a worshipper of Yredelemnul the Dark
  4709 | D:4      | Reached XP level 7. HP: 31/53 MP: 7/7
  5094 | D:4      | Reached skill level 5 in Staves
  5409 | D:5      | Entered Level 5 of the Dungeon
  5439 | D:5      | Found an iron altar of Okawaru.
  5692 | D:5      | Noticed Sigmund
  5705 | D:5      | Killed Sigmund
  6148 | D:6      | Reached * piety under Yredelemnul
  6437 | D:6      | Reached skill level 6 in Dodging
  6440 | D:6      | Reached XP level 8. HP: 45/61 MP: 8/8
  7240 | D:6      | Reached skill level 5 in Fighting
  7282 | D:6      | Reached skill level 7 in Dodging
  7894 | D:7      | Reached ** piety under Yredelemnul
  8084 | D:7      | Gained mutation: You have sharp fingernails. [demonic ancestry]
  8084 | D:7      | Reached XP level 9. HP: 48/68 MP: 9/9
  8225 | D:7      | Noticed Prince Ribbit
  8276 | D:7      | Killed Prince Ribbit
  8526 | D:7      | Your ally Prince Ribbit died
  8865 | D:7      | Found a deep blue altar of Sif Muna.
  8966 | D:7      | Found a radiant altar of Vehumet.
  8968 | D:7      | Found a glowing silver altar of Zin.
  8968 | D:7      | Found a burning altar of Makhleb.
  8996 | D:7      | Reached skill level 8 in Dodging
  9476 | D:8      | Reached skill level 1 in Invocations
 10881 | D:9      | Found an iron altar of Okawaru.
 10903 | D:9      | Reached *** piety under Yredelemnul
 11122 | D:9      | Noticed an ice statue
 11167 | D:9      | Gained mutation: You have very sharp fingernails. [demonic ancestry]
 11167 | D:9      | Reached XP level 10. HP: 61/77 MP: 11/11
 11317 | D:9      | Reached skill level 9 in Dodging
 11317 | D:9      | Received a gift from Yredelemnul (a mummy)
 11656 | D:10     | Entered Level 10 of the Dungeon
 12002 | D:10     | Noticed a hill giant
 12015 | D:10     | Killed a hill giant
 12079 | D:10     | Noticed a red ugly thing
 12096 | D:10     | Killed a red ugly thing
 12559 | D:10     | Found a staircase to the Orcish Mines.
 13609 | D:10     | Reached skill level 10 in Dodging
 13892 | D:10     | Found a staircase to the Lair.
 14082 | D:11     | Gained mutation: You have claws for hands. [demonic ancestry]
 14082 | D:11     | Reached XP level 11. HP: 81/86 MP: 13/13
 14134 | D:11     | Noticed a red ugly thing
 14455 | D:11     | Killed a red ugly thing
 14638 | D:11     | Gained mutation: You are weak. (Str -2) [mutagenic meat]
 14641 | D:11     | Gained mutation: You have sharp toenails. [mutagenic meat]
 14644 | D:11     | Gained mutation: You have a pair of small horns on your head. [mutagenic meat]
 14695 | D:11     | Noticed a hill giant
 14727 | D:11     | HP: 3/86 [wraith (10)]
 14729 | D:11     | Slain by a wraith

Vault maps used:
D:1:      dpeg_arrival_simpleton_b
D:3:      lemuel_old_faithful
D:5:      first_bread, serial_curves, eino_curves_04, eino_curves_03,
          eino_curves_01, eino_curves_01, okawaru_metal_pillars_1_2,
          uniq_sigmund
D:7:      nicolae_overflow_hidden_temple, uniq_prince_ribbit1
D:9:      lemuel_ice_statue, nicolae_overflow_crystal_walls
D:10:     dpeg_oklobed_lair, hiddenorc2_lemuel
D:11:     uniq_gastronok
Temple:   eino_wide_crystal_templ

Skill      XL: |  1  2  3  4  5  6  7  8  9 10 |
---------------+-------------------------------+-----
Staves         | 3 4 5 6 7 9 |  9.2
Dodging        | 3 4 5 6 7 8 10 | 10.1
Fighting       | 3 4 5 6 8 |  8.0
Throwing       | 2 3 4 |  4.8
Invocations    | 2 3 |  3.9
Evocations     | |  0.6

Action                   |  1- 3 |  4- 6 |  7- 9 | 10-12 || total
-------------------------+-------+-------+-------+-------++-------
Melee: Quarterstaff      |   104 |   207 |   600 |   372 ||  1283
 Fire: Blowgun           |       |       |       |    13 ||    13
Throw: Throwing net      |       |     6 |       |       ||     6
       Tomahawk          |       |    11 |    52 |    20 ||    83
Invok: Animate Remains   |       |       |     8 |       ||     8
       Recall Undead Sla |       |       |     7 |     1 ||     8
       Animate Dead      |       |       |     1 |     5 ||     6
       Injury Mirror     |       |       |       |     4 ||     4
Evoke: Wand              |       |       |     5 |       ||     5
  Use: Scroll            |       |     9 |     4 |    11 ||    24
       Potion            |       |     1 |     3 |     8 ||    12
 Stab: Sleeping          |       |     2 |     5 |     2 ||     9
       Held in net/web   |       |     1 |       |       ||     1
       Distracted        |       |       |     2 |     1 ||     3
  Eat: Fruit             |     1 |     4 |     2 |     6 ||    13
       Bread ration      |     1 |     1 |     3 |       ||     5
       Beef jerky        |       |     1 |     1 |     1 ||     3
       Meat ration       |       |       |     1 |     1 ||     2
       Chunk             |       |       |       |     3 ||     3
       Royal jelly       |       |       |       |     1 ||     1
Armor: Leather armour    |    38 |    55 |   163 |    66 ||   322
       Skin              |       |       |    17 |       ||    17
Dodge: Dodged            |    77 |   154 |   521 |   264 ||  1016
Block: Other             |    11 |    37 |   130 |    59 ||   237
